 Dungeon Crawl Stone Soup version 0.23.2-1-ga50397a (webtiles) character file.

Game seed: 8293638510564395853

316 Borgoz the Slasher (level 6, 0/79 HPs)
             Began as a Minotaur Gladiator on May 26, 2019.
             Succumbed to Zanta616's ghost's poison
             ... on level 3 of the Dungeon.
             The game lasted 00:02:32 (1999 turns).

Borgoz the Slasher (Minotaur Gladiator)             Turns: 1999, Time: 00:02:32

Health: 0/79       AC: 11    Str: 24    XL:     6   Next: 20%
Magic:  5/5        EV: 10    Int:  5    God:
Gold:   80         SH:  0    Dex: 13    Spells: 5/5 levels left

rFire    . . .     SeeInvis .   a - +0 long sword
rCold    . . .     Gourm    +   (no shield)
rNeg     . . .     Faith    .   o - +0 chain mail
rPois    .         Spirit   .   c - +0 hat
rElec    .         Reflect  .   (no cloak)
rCorr    .         Harm     .   s - +1 pair of gloves {archery}
MR       .....                  (no boots)
Stlth    ..........             j - amulet of the gourmand
HPRegen  0.23/turn              (no ring)
MPRegen  0.09/turn              (no ring)

@: berserking (expiring), lethally poisoned (0 -> -15), hasted, very quick
A: retaliatory headbutt, horns 2
a: no special abilities


You were on level 3 of the Dungeon.
You were completely stuffed.

You visited 1 branch of the dungeon, and saw 3 of its levels.

You collected 80 gold pieces.

Inventory:

Hand Weapons
 a - a +0 long sword (weapon)
Missiles
 d - 3 throwing nets (quivered)
Armour
 c - a +0 hat (worn)
 o - a +0 chain mail (worn)
 s - a +1 pair of gloves of archery (worn)
Jewellery
 j - an amulet of the gourmand (around neck)
 t - a +4 ring of evasion {unknown}
Wands
 b - a wand of polymorph (4)
Scrolls
 g - a scroll of enchant armour {unknown}
 h - 2 scrolls of blinking {unknown}
 i - 2 scrolls of amnesia {unknown}
 k - a scroll of noise {unknown}
 l - 2 scrolls of fear {unknown}
 p - a scroll of fog {unknown}
 r - a scroll of remove curse {unknown}
 u - a scroll of immolation {unknown}
Potions
 e - 2 potions of curing {unknown}
 m - a potion of degeneration {unknown}
 q - a potion of haste
Comestibles
 f - 6 rations


   Skills:
 + Level 4.4 Fighting
 + Level 5.2 Long Blades
 - Level 2.0 Throwing
 + Level 3.4 Armour
 + Level 4.8 Dodging


You had 5 spell levels left.
You didn't know any spells.
Your spell library was empty.

Dungeon Overview and Level Annotations

Branches:
Dungeon (3/15)

Altars:
Ashenzari
Elyvilon
Kikubaaqudgha
Qazlal
Trog
Vehumet


Innate Abilities, Weirdness & Mutations

You reflexively headbutt those who attack you in melee.
You have a pair of horns on your head.


Message History

* * * LOW HITPOINT WARNING * * *
You hit Zanta616's ghost. Your headbutt misses Zanta616's ghost.
Zanta616's ghost is almost destroyed.
* * * LOW HITPOINT WARNING * * *
You feel sick.
You slash Zanta616's ghost!
You destroy Zanta616's ghost!
You have reached level 6!
Your experience leads to an increase in your attributes!
Your base attributes are Str 18, Int 5, Dex 13.
Increase (S)trength, (I)ntelligence, or (D)exterity?
You feel stronger.
* * * LOW HITPOINT WARNING * * *
You feel sick.
* * * LOW HITPOINT WARNING * * *
You feel sick.
There is an open translucent door here.
You are too berserk!
You feel a strong urge to attack something.
You die...

##
#.....#....##...........# #
#.#####.#......#####...## #
######.# #...###..## #..##
# .......# ##..##⌠##..##
#..# # ########
#..##...##..###..######
##.##.....##............
#..#⌠.%♣!.⌠#.##..#######
##########..##.....##.##..#
.............##.@.##..##..#
#########.##..##.##.......#
#.###..#'#..###..## #.#
##.....## #..# #.# #######
#..# #.# #..# #.#
#..######## #.# #..##......
####.# #..##.#####


There were no monsters in sight!

Vanquished Creatures
  The ghost of Zanta616 the Chiller, an amateur VSIE (D:3)
  A crimson imp (D:2)
  An orc priest (D:3)
  An orc wizard (D:3)
  Jessica (D:2)
  Terence (D:2)
  5 adders
  4 worms
  4 orcs (D:3)
  9 bats
  5 giant cockroaches
  3 goblins
  A hobgoblin (D:1)
  5 jackals
  8 kobolds
  A ball python (D:2)
  4 frilled lizards
  A rat (D:3)
56 creatures vanquished.

Notes
Turn   | Place    | Note
-------+----------+-------------------------------------------
     0 | D:1      | Borgoz the Minotaur Gladiator began the quest for the Orb.
     0 | D:1      | Reached XP level 1. HP: 18/18 MP: 0/0
   276 | D:1      | Reached XP level 2. HP: 25/25 MP: 1/1
   335 | D:1      | Reached skill level 1 in Armour
   600 | D:2      | Reached skill level 4 in Long Blades
   647 | D:2      | Noticed Jessica
   656 | D:2      | Killed Jessica
   656 | D:2      | Reached XP level 3. HP: 20/31 MP: 2/2
   782 | D:2      | Noticed Terence
   792 | D:2      | Killed Terence
   792 | D:2      | Reached XP level 4. HP: 24/38 MP: 3/3
  1331 | D:3      | Found a radiant altar of Vehumet.
  1363 | D:3      | Reached XP level 5. HP: 46/46 MP: 4/4
  1377 | D:3      | Found a stormy altar of Qazlal.
  1377 | D:3      | Found a white marble altar of Elyvilon.
  1379 | D:3      | Found a bloodstained altar of Trog.
  1483 | D:3      | Reached skill level 5 in Long Blades
  1541 | D:3      | Noticed Zanta616's ghost (amateur VSIE)
  1544 | D:3      | Found a runed translucent door.
  1881 | D:3      | Found a shattered altar of Ashenzari.
  1882 | D:3      | Found an ancient bone altar of Kikubaaqudgha.
  1996 | D:3      | Killed Zanta616's ghost
  1996 | D:3      | Reached XP level 6. HP: 4/53 MP: 5/5
  1996 | D:3      | HP: 3/79 [poisoned by Zanta616's ghost]
  1997 | D:3      | HP: 1/79 [poisoned by Zanta616's ghost]
  1999 | D:3      | Succumbed to Zanta616's ghost's poison

Skill      XL: |  1  2  3  4  5 |
---------------+----------------+-----
Armour         | 1 2 3 |  3.4
Long Blades    | 4 5 |  5.2
Fighting       | 3 4 |  4.4
Dodging        | 4 |  4.8
Throwing       | |  2.0

Action                   |  1- 3 |  4- 6 || total
-------------------------+-------+-------++-------
Melee: Long sword        |    36 |    93 ||   129
       Headbutt          |     3 |    19 ||    22
       Unarmed           |       |     4 ||     4
  Use: Potion            |       |     2 ||     2
  Eat: Chunk             |    10 |    10 ||    20
Armor: Leather armour    |     9 |       ||     9
       Chain mail        |       |    45 ||    45
Dodge: Dodged            |    32 |    36 ||    68
       Rpst.: Long sword |    10 |     9 ||    19
